 Dungeon Crawl Stone Soup version 0.18.1-50-g88ac8fd (webtiles) character file.

10 ololoev the Magician (level 2, 0/15 HPs)
             Began as a Deep Elf Earth Elementalist on Dec 5, 2016.
             Succumbed to an adder's poison
             ... on level 2 of the Dungeon.
             The game lasted 00:00:57 (42 turns).

ololoev the Magician (Deep Elf Earth Elementalist)    Turns: 42, Time: 00:00:57

Health: 0/15       AC:  2    Str:  5    XL:     2   Next: 10%
Magic:  0/8        EV: 18    Int: 19    God:
Gold:   5          SH:  0    Dex: 20    Spells: 1 memorised, 7 levels left

rFire  . . .     SeeInvis .     b - 14 stones
rCold  . . .     Gourm    .     a - +0 robe
rNeg   . . .     Faith    .     (no shield)
rPois  .         Spirit   .     (no helmet)
rElec  .         Dismiss  .     (no cloak)
rCorr  .         Reflect  .     (no gloves)
SustAt .         Harm     .     (no boots)
MR     .....                    (no amulet)
Stlth  +++.......               (no ring)
                                (no ring)

@: agile, lethally poisoned (0 -> -5), very slightly contaminated, not resistant
to hostile enchantments, fairly stealthy
A: no striking features
a: no special abilities

Inventory:

Missiles
 b - 14 stones (in hand)
Armour
 a - a +0 robe (worn)
Potions
 e - a potion of agility
Books
 c - a book of Geomancy

   Spells                             Type                      Level
   a - Sandblast                      Earth                        1
   b - Passwall                       Transmutation/Earth          2
   c - Stone Arrow                    Conjuration/Earth            3
   d - Petrify                        Transmutation/Earth          4
   e - Lee's Rapid Deconstruction     Earth                        5
Comestibles
 d - a bread ration


   Skills:
 - Level 2.4 Dodging
 - Level 2.4 Stealth
 * Level 3.6 Spellcasting
   Level 1.1 Transmutations
 + Level 3.5 Earth Magic


You had 7 spell levels left.
You knew the following spells:

 Your Spells              Type           Power        Failure   Level  Hunger
a - Sandblast             Erth           ###...       3%          1    None


You were on level 2 of the Dungeon.
You were not hungry.

You visited 1 branch of the dungeon, and saw 2 of its levels.

You collected 5 gold pieces.

....... .. ....... .##
.r..............# ..
................##.#
...............r...#
....#.....##..K....#
........[).......s.#
............###.@.$#
..............#..(.#
...................#
...................##
.......................
.............######..##
.............# #..#
.............# #.#
....%#####..... ..

Notes
Turn   | Place    | Note
--------------------------------------------------------------
     0 | D:1      | ololoev the Deep Elf Earth Elementalist began the quest for the Orb.
     0 | D:1      | Reached XP level 1. HP: 10/10 MP: 6/6
    42 | D:2      | Reached XP level 2. HP: 1/15 MP: 0/8
    42 | D:2      | Succumbed to an adder's poison

Dungeon Overview and Level Annotations

Branches:
Dungeon (2/15)

Altars:


Message History

The rocky blast hits the kobold.
You kill the kobold!
There is an escape hatch in the floor here.
You slide downwards.
The hatch slams shut behind you.
A rat and a goblin come into view.
Found a chain mail, 5 gold pieces and a meat ration.
Casting: Sandblast
Confirm with . or Enter, or press ? or * to list all spells.
Aiming: Sandblast
Press: ? - help, Shift-Dir - straight line, f - goblin
Aim: a goblin, wielding a club (resting)
The rocky blast hits the goblin.
You kill the goblin!
A worm comes into view.
Found a stone staircase leading down.
Found 16 gold pieces.
You see here 5 gold pieces.
You now have 5 gold pieces.
An adder comes into view.
A kobold comes into view.
The kobold shouts!
The kobold throws a stone.
The stone hits you but does no damage.
A giant cockroach comes into view.
You see here a stone.
Casting: Sandblast
Confirm with . or Enter, or press ? or * to list all spells.
Aiming: Sandblast
Press: ? - help, Shift-Dir - straight line, f - adder
Aim: an adder (hasn't noticed you)
You miscast Sandblast.
You are very lightly contaminated with residual magic.
Nothing appears to happen.
The kobold throws a stone.
The stone barely misses you.
Casting: Sandblast
Confirm with . or Enter, or press ? or * to list all spells.
Aiming: Sandblast
Press: ? - help, Shift-Dir - straight line, f/p - adder
Aim: an adder The rocky blast misses the adder.
The adder bites you.
You are lethally poisoned!
The adder poisons you!
The kobold throws a stone.
The stone hits you.
No previous command to re-do.
No previous command to re-do.
Casting: Sandblast
Confirm with . or Enter, or press ? or * to list all spells.
Aiming: Sandblast
Press: ? - help, Shift-Dir - straight line, f/p - adder
Aim: an adder The rocky blast misses the adder.
You feel sick. The adder bites you.
A rat comes into view.
Casting: Sandblast
Confirm with . or Enter, or press ? or * to list all spells.
Aiming: Sandblast
Press: ? - help, Shift-Dir - straight line, f/p - adder
Aim: an adder The rocky blast hits the adder.
The adder is heavily wounded.
You feel sick. The adder misses you. The giant cockroach closely misses you.
The adder bites you.
Casting: Sandblast
Confirm with . or Enter, or press ? or * to list all spells.
Aiming: Sandblast
Press: ? - help, Shift-Dir - straight line, f/p - adder
Aim: an adder (heavily wounded)
You miscast Sandblast.
Nothing appears to happen.
The giant cockroach bites you. The adder closely misses you.
Drink which item? (? for menu, Esc to quit)
It was a potion of agility.
You feel agile all of a sudden.
The giant cockroach bites you but does no damage.
The adder closely misses you.
Casting: Sandblast
Confirm with . or Enter, or press ? or * to list all spells.
Aiming: Sandblast
Press: ? - help, Shift-Dir - straight line, f/p - adder
Aim: an adder (heavily wounded)
The rocky blast hits the adder.
You kill the adder!
You have reached level 2!
You die...

You could see a giant cockroach, a kobold and a rat.

Vanquished Creatures
  An adder (D:2)
  A goblin (D:2)
  A kobold (D:1)
3 creatures vanquished.

Action                   || total
-------------------------++-------
 Cast: Sandblast         ||     6
  Use: Potion            ||     1
Armor: Robe              ||     1
Dodge: Dodged            ||     5

Vault maps used:
D:1:      lemuel_arrival_hallway
D:2:      overflow_temple_1_default, minivault_27, uniq_robin
